 Dungeon Crawl Stone Soup version 0.29-a0-973-gac7da5f7f0 (webtiles) character file.

Game seed: 4238155022080780087

13 wingedge the Digger (level 2, -2/26 HPs)
             Began as an Ogre Earth Elementalist on July 31, 2022.
             Slain by a gnoll
             ... wielding a +0 club
              (5 damage)
             ... on level 1 of the Dungeon.
             The game lasted 00:03:37 (426 turns).

wingedge the Digger (Ogre Earth Elementalist)        Turns: 426, Time: 00:03:38

Health: -2/26      AC:  3    Str: 11    XL:     2   Next: 37%
Magic:  0/5        EV: 10    Int: 16    God:
Gold:   42         SH:  0    Dex:  9    Spells: 5/6 levels left

rFire   . . .      SeeInvis .   b - +0 dagger (venom)
rCold   . . .      Faith    .   (no shield)
rNeg    . . .      Spirit   .   c - +0 robe
rPois   .          Reflect  .   (helmet restricted)
rElec   .          Harm     .   (no cloak)
rCorr   .          Rampage  .   (gloves unavailable)
Will    .....                   (boots unavailable)
Stlth   +.........              (no amulet)
HPRegen 0.08/turn               (no ring)
MPRegen 0.09/turn               (no ring)

@: no status effects
A: large, unfitting armour, tough skin 1
a: no special abilities


You were on level 1 of the Dungeon.
You visited 1 branch of the dungeon, and saw 1 of its levels.

You collected 42 gold pieces.

Inventory:

Hand Weapons
 a - a +0 rapier
 b - a +0 dagger of venom (weapon)
Armour
 c - a +0 robe (worn)
Scrolls
 f - a scroll of poison {unknown}
 g - a scroll of identify {unknown}
Potions
 d - a potion of magic
 e - a potion of brilliance {unknown}


   Skills:
 + Level 0.8 Fighting
 - Level 2.0 Dodging
 - Level 1.4 Stealth
 + Level 2.6 Spellcasting
 - Level 1.0 Transmutations
 * Level 3.0 Earth Magic


You had 5 spell levels left.
You knew the following spells:

 Your Spells              Type           Power      Damage    Failure   Level
a - Sandblast             Erth           22%        2d7       5%          1

Your spell library contained the following spells:

 Spells                   Type           Power      Damage    Failure   Level
 Passwall                 Tmut/Erth      6%         N/A       13%         2
 Blink                    Tloc           4%         N/A       30%         2
 Stone Arrow              Conj/Erth      12%        3d7       30%         3
 Lesser Beckoning         Tloc           2%         N/A       52%         3
 Petrify                  Tmut/Erth      8%         N/A       63%         4
 Manifold Assault         Tloc           2%         N/A       99%         5


Dungeon Overview and Level Annotations

Branches:
Dungeon (1/15)

Altars:


Innate Abilities, Weirdness & Mutations

You are too large for most types of armour.
You have tough skin. (AC +1)


Message History

You closely miss the goblin. The goblin barely misses you.
Your +0 dagger of venom begins to drip with poison!
b - a +0 dagger of venom (weapon)
The goblin hits you with a +0 club.
You hit the goblin but do no damage. The goblin barely misses you.
You barely miss the goblin. The goblin hits you with a +0 club.
* * * LOW HITPOINT WARNING * * *
Okay, then.
Casting: Sandblast (safe; 6% risk of failure)
Confirm with . or Enter, or press ? or * to list all spells.
Aiming: Sandblast (safe; 6% risk of failure)
Press: ? - help, Shift-Dir - straight line, f - goblin
Aim: a goblin, wielding a +0 club (77% to hit)
The blast of sand hits the goblin.
The goblin is severely wounded.
The goblin barely misses you. The goblin hits you but does no damage.
Casting: Sandblast (safe; 6% risk of failure)
Confirm with . or Enter, or press ? or * to list all spells.
Aiming: Sandblast (safe; 6% risk of failure)
Press: ? - help, Shift-Dir - straight line, f/p - goblin
Aim: a goblin, wielding a +0 club (severely wounded, 77% to hit)
The blast of sand hits the goblin!
You kill the goblin!
The gnoll hits you with a +0 club.
* * * LOW HITPOINT WARNING * * *
Training target 2.0 for Dodging reached!
Your Dodging skill increases to level 2!
Casting: Sandblast (safe; 5% risk of failure)
Confirm with . or Enter, or press ? or * to list all spells.
Aiming: Sandblast (safe; 5% risk of failure)
Press: ? - help, Shift-Dir - straight line, f - gnoll
Aim: a gnoll, wielding a +0 club (84% to hit)
The blast of sand hits the gnoll!
The gnoll is heavily wounded.
The gnoll completely misses you. The gnoll hits you but does no damage.
Casting: Sandblast (safe; 5% risk of failure)
Confirm with . or Enter, or press ? or * to list all spells.
You don't have enough magic to cast this spell.
The gnoll hits you with a +0 club.
You die...

........ ##+.#..
........ #.# ##...#.
.#.#.### ...
##.....## .....#
##g## ##........
###...
##$..####......^..
.... ......
+......... ...#
#.....>... ######.#
##.......# #...@g.#
##.....## #.####.#
### #....... #)##...#
#. #.#+###.
#.##.#.##.#. #.#.# #.
#......#.# #.#.#.###.
#..#.#..#####........
#..........###...†#..
##.###..##.##........
#.....#.#.#.#.......


You could see a gnoll.

Vanquished Creatures
  An endoplasm (D:1)
  A giant cockroach (D:1)
  2 goblins (D:1)
  3 jackals (D:1)
  A kobold (D:1)
  3 rats (D:1)
11 creatures vanquished.

Notes
Turn   | Place    | Note
-------+----------+-------------------------------------------
     0 | D:1      | wingedge the Ogre Earth Elementalist began the quest for
                  | the Orb.
     0 | D:1      | Reached XP level 1. HP: 16/16 MP: 3/3
   242 | D:1      | Reached skill level 1 in Transmutations
   391 | D:1      | Reached XP level 2. HP: 26/26 MP: 2/5
   419 | D:1      | Reached skill level 3 in Earth Magic
   426 | D:1      | Slain by a gnoll

Illustrated notes

Levels and vault maps discovered:
D:1:      lordsloth_arrival_two_stooges, layout_loops_corners,
          chequers_serial_rivers_marsh, minmay_curled_crystal,
          minmay_pentomino_r4

Skill      XL: |  1  2 |
---------------+-------+-----
Transmutations | 1 |  1.0
Earth Magic    | 3 |  3.0
Dodging        | 2 |  2.0
Fighting       | |  0.8
Stealth        | |  1.4
Spellcasting   | |  2.6

Action                   || total
-------------------------++-------
Melee: Rapier            ||    26
       Dagger            ||     2
       Punch             ||     2
 Cast: Sandblast         ||    15
Armor: Robe              ||    13
Dodge: Dodged            ||    25

Table legend: (Time is in decaauts)
 A = Elapsed time spent in this place.
 B = Non-inter-level travel time spent in this place.
 C = Inter-level travel time spent in this place.
 D = Time resting spent in this place.
 E = Time spent auto-exploring this place.
 F = Levels seen in this place.
 G = Mean time per level.
                   A        B        C        D        E       F      G
               +--------+--------+--------+--------+--------+-----+--------+
         Total |    446 |    446 |      0 |     30 |    153 |   1 |  446.0 |
       Dungeon |    446 |    446 |      0 |     30 |    153 |   1 |  446.0 |
               +--------+--------+--------+--------+--------+-----+--------+

Top non-repeatable levels by time:
     D:1: 446 daAuts
